 Dungeon Crawl Stone Soup version 0.23.2-1-ga50397a (webtiles) character file.

Game seed: 13822976439447813737

211049 Madgibble the Fencer (level 18, -3/157 HPs)
             Began as a Minotaur Gladiator on May 2, 2019.
             Was a High Priest of Okawaru.
             Slain by a stone giant (54 damage)
             ... on level 2 of the Vaults on May 8, 2019.
             The game lasted 07:06:19 (38747 turns).

Madgibble the Fencer (Minotaur Gladiator)          Turns: 38747, Time: 07:06:21

Health: -3/157     AC: 27    Str: 22    XL:     18   Next: 20%
Magic:  20/22      EV: 25    Int:  5    God:    Okawaru [*****.]
Gold:   1613       SH:  0    Dex: 23    Spells: 17/17 levels left

rFire    . . .     SeeInvis .   y - +5 triple sword (holy)
rCold    . . .     Gourm    .   (shield currently unavailable)
rNeg     . . .     Faith    +   A - +7 chain mail of Marbles {Dex+3}
rPois    +         Spirit   .   l - +2 hat {MR+}
rElec    .         Reflect  .   Q - scarf {repulsion}
rCorr    .         Harm     .   i - +0 pair of gloves of Happy Babbling {+Blink rPois MR+ Dex+3}
MR       ++++.                  J - +0 pair of boots
Stlth    ..........             p - amulet of faith
HPRegen  0.36/turn              G - +4 ring of slaying
MPRegen  0.18/turn              q - ring of protection from magic

@: about to teleport, heroism, repel missiles
A: retaliatory headbutt, horns 2, low mp 1, sense surroundings 1
}: 1/15 runes: barnacled
a: Heroism, Finesse, Renounce Religion, Evoke Blink


You were on level 2 of the Vaults.
You worshipped Okawaru.
Okawaru was extremely pleased with you.
You were not hungry.

You visited 8 branches of the dungeon, and saw 32 of its levels.
You also visited: Ice Cave.

You collected 3314 gold pieces.
You spent 1701 gold pieces at shops.

Inventory:

Hand Weapons
 w - a +0 blowgun
 y - a +5 triple sword of holy wrath (weapon)
 D - the +3 triple sword "Naaloxzo" {flame, MR+}
   (Okawaru gifted it to you on level 3 of the Spider Nest)

   It has been specially enchanted to burn those struck by it, causing extra
   injury to most foes and up to half again as much damage against particularly
   susceptible opponents.
   Big, fiery blades are also staple armaments of hydra-hunters.
   It affects your resistance to hostile enchantments.
 U - the +6 falchion "Monk" {elec, rElec MR+ Dex+4}
   (You found it on level 12 of the Dungeon)

   Occasionally, upon striking a foe, it will discharge some electrical energy
   and cause terrible harm.
   It affects your dexterity (+4).
   It insulates you from electricity.
   It affects your resistance to hostile enchantments.
Missiles
 a - 3 needles of paralysis
 d - 13 throwing nets
 t - 7 javelins of returning
 H - 50 javelins of penetration (quivered)
 N - 16 poisoned javelins
 P - 53 silver javelins
 Z - 12 steel javelins
Armour
 i - the +0 pair of gloves of Happy Babbling (worn) {+Blink rPois MR+ Dex+3}
   (You bought it in a shop on level 2 of the Orcish Mines)

   It affects your dexterity (+3).
   It protects you from poison.
   It affects your resistance to hostile enchantments.
   It lets you blink.
 l - a +2 hat of magic resistance (worn)
 r - +0 ice dragon scales
 A - the +7 chain mail of Marbles (worn) {Dex+3}
   (You found it on level 4 of the Dungeon)

   It affects your dexterity (+3).
 J - a +0 pair of boots (worn)
 Q - a scarf of repulsion (worn)
Jewellery
 p - an amulet of faith (around neck)
 q - a ring of protection from magic (right hand)
 G - a +4 ring of slaying (left hand)
Wands
 v - a wand of digging (8)
 z - a wand of acid (14)
 K - a wand of paralysis (8)
Scrolls
 c - a scroll of acquirement {unknown}
 e - 5 scrolls of teleportation
 m - a scroll of summoning
 s - 6 scrolls of remove curse
 x - a scroll of blinking
 B - a scroll of silence
 F - 5 scrolls of fear
 L - a scroll of identify
Potions
 h - 2 potions of magic
 j - 9 potions of curing
 k - 3 potions of invisibility
 n - 6 potions of flight
 o - 5 potions of haste
 u - a potion of heal wounds
 E - 5 potions of agility
 O - a potion of berserk rage
 S - 3 potions of resistance
 Y - a potion of might
Miscellaneous
 g - a phial of floods
 I - a fan of gales
 M - a sack of spiders
 T - 3 boxes of beasts
 V - a phantom mirror
Comestibles
 f - 42 rations


   Skills:
 + Level 13.2(18.2) Fighting
 * Level 19.4(24.4) Long Blades
 + Level 12.5(17.5) Throwing
 + Level 14.7(19.7) Armour
 * Level 16.1(21.1) Dodging
 + Level 11.0 Invocations
 + Level 8.2 Evocations


You had 17 spell levels left.
You didn't know any spells.
Your spell library contained the following spells:

 Spells                   Type           Power        Failure   Level  Hunger
 Animate Skeleton         Necr           N/A          89%         1    ##.....
 Beastly Appendage        Tmut           #.....       89%         1    ##.....
 Corona                   Hex            #......      89%         1    ##.....
 Pain                     Necr           #...         89%         1    ##.....
 Summon Butterflies       Summ           #.......     89%         1    ##.....
 Summon Small Mammal      Summ           #...         89%         1    ##.....
 Call Imp                 Summ           #.......     96%         2    ###....
 Ensorcelled Hibernation  Hex/Ice        #.....       96%         2    ###....
 Sticks to Snakes         Tmut           #.......     96%         2    ###....
 Sublimation of Blood     Necr           #.........   96%         2    ###....
 Call Canine Familiar     Summ           #.......     99%         3    ####...
 Confuse                  Hex            #.......     99%         3    ####...
 Dazzling Spray           Conj/Hex       #.....       99%         3    ####...
 Ignite Poison            Fire/Tmut/Pois #.......     99%         3    ####...
 Portal Projectile        Hex/Tloc       #.....       99%         3    ####...
 Regeneration             Chrm/Necr      #.........   99%         3    ####...
 Spider Form              Tmut/Pois      #.........   99%         3    ####...
 Summon Guardian Golem    Hex/Summ       #.......     99%         3    ####...
 Tukima's Dance           Hex            #.......     99%         3    ####...
 Vampiric Draining        Necr           #.........   99%         3    ####...
 Animate Dead             Necr           N/A          100%        4    #####..
 Ice Form                 Ice/Tmut       #.......     100%        4    #####..
 Leda's Liquefaction      Hex/Erth       #.........   100%        4    #####..
 Petrify                  Tmut/Erth      #.......     100%        4    #####..
 Summon Ice Beast         Ice/Summ       #.......     100%        4    #####..
 Summon Lightning Spire   Summ/Air       #.......     100%        4    #####..
 Alistair's Intoxication  Tmut/Pois      #.......     100%        5    ######.
 Blade Hands              Tmut           #.........   100%        5    ######.
 Bolt of Magma            Conj/Fire/Erth #.........   100%        5    ######.
 Irradiate                Conj/Tmut      #.........   100%        5    ######.
 Silence                  Hex/Air        #.........   100%        5    ######.
 Summon Mana Viper        Hex/Summ       #.......     100%        5    ######.
 Iron Shot                Conj/Erth      #.........   100%        6    #######
 Statue Form              Tmut/Erth      #........    100%        6    #######
 Summon Hydra             Summ           #.........   100%        7    #######
 Shatter                  Erth           #.........   100%        9    #######


Dungeon Overview and Level Annotations

Branches:
Dungeon (13/15)            Temple (1/1) D:6            Lair (6/6) D:10
 Shoals (4/4) Lair:2       Spider (3/4) Lair:2        Slime (0/5) Lair:5
    Orc (2/2) D:11            Elf (1/3) Orc:2        Vaults (1/5) D:13

Altars:
Ashenzari
Cheibriados
Dithmenos
Elyvilon
Fedhas
Gozag
Hepliaklqana
Kikubaaqudgha
Makhleb
Nemelex Xobeh
Okawaru
Qazlal
Ru
Sif Muna
Trog
Uskayaw
Vehumet
Wu Jian
Xom
Yredelemnul
Zin
The Shining One
Beogh
Jiyva

Shops:
D:6 *   D:7 !   Orc:2 =[*(   Elf:1 %   Shoals:3 =

Annotations:
D:8 2 transporters, RatmanManrat's ghost, novice MiBe
D:9 3 runed translucent doors, RatmanManrat's ghost, novice MiBe
Lair:1 exclusion: 4 oklob plants


Innate Abilities, Weirdness & Mutations

You reflexively headbutt those who attack you in melee.
You have a pair of horns on your head.
Your magical capacity is low. (-10% MP)
You passively map a small area around you.


Message History

The two-headed ogre barely misses you.
As you read the scroll of teleportation, it crumbles to dust.
You feel strangely unstable. The orc warrior barely misses you.
The ogre mage hits you but does no damage.
The deep troll bites you!
* * * LOW HITPOINT WARNING * * *
The deep troll closely misses you. The deep troll completely misses you.
The two-headed ogre closely misses you. The two-headed ogre barely misses you.
The stone giant hits you but does no damage.
You feel much better. The two-headed ogre misses you.
You riposte.
You hit the two-headed ogre. You headbutt the two-headed ogre!
The two-headed ogre is heavily wounded.
The two-headed ogre closely misses you.
The orc warrior hits you with a +0 mace.
The ogre mage hits you from afar with a +0 spear.
The two-headed ogre completely misses you. x2
The deep troll bites you.
The deep troll claws you but does no damage.
The deep troll completely misses you. The stone giant hits you!!!
You die...

, * * * * , +,, , *
** * ,, , # #####
##### ##.
#(..##+##...# #...*
#...........# *
.....##...........#
,
.....OOOT.........#
,
,......#@#######+#+#
..>...#CoO..... * ,,
......#p##..... *
......'O.##...# ,
.O.. #(..##.## *
*#...* #....### , *
* #...##.##, *
#..##(..## ,
#.##(....##c#


You could see a stone giant, 3 two-headed ogres, an ogre mage, a deep troll, an
ironbrand convoker, an orc warrior and an ogre.

Vanquished Creatures
  Arachne (Spider:2)
  Rupert (Lair:3)
  A kraken (Shoals:1)
  The ghost of spiff the Spry, an adept HaSk of Dithmenos (Shoals:4)
  Frances (D:12)
  A sphinx (Elf:1)
  A frost giant (Shoals:4)
  Gastronok (Lair:3)
  Ilsuiw (Shoals:2)
  3 orc warlords
  An emperor scorpion (Spider:2)
  Louise (Spider:1)
  The ghost of Killmatronix the Brawler, a journeyman TrCK of Xom (Lair:6)
  An ironheart preserver (Vaults:2)
  A stone giant (Elf:1)
  An entropy weaver (Spider:3)
  Snorg (Lair:3)
  2 deep elf death magi (Elf:1)
  A deep elf high priest (Elf:1)
  6 merfolk javelineers
  Josephine (Orc:1)
  5 merfolk impalers
  Fannar (D:12)
  3 fire dragons
  2 rakshasas (Vaults:2)
  The ghost of Curus the Severer, a journeyman MiMo of Okawaru (Lair:1)
  10 hydras
  2 ice dragons (Vaults:2)
  A merfolk aquamancer (Shoals:4)
  8 vault guards (D:13)
  A catoblepas (Lair:6)
  12 two-headed ogres
  A centaur warrior (D:13)
  2 ogre magi
  6 satyrs
  3 merfolk avatars
  An alligator snapping turtle (Shoals:3)
  2 death yaks (Lair:5)
  4 dancing weapons (Elf:1)
  2 orc high priests (Orc:2)
  4 deep elf knights (Elf:1)
  A spectral death yak (Lair:6)
  19 sea snakes
  3 unseen horrors
  2 deep elf archers (Elf:1)
  A lindwurm (Lair:6)
  3 orc knights
  3 ironbrand convokers (Vaults:2)
  9 wolf spiders
  10 harpies
  10 orb spiders
  16 fauns
  7 orc sorcerers
  9 ugly things
  2 cyclopes
  16 deep elf magi
  10 elephants
  9 manticores
  A centaur zombie (D:11)
  2 molten gargoyles (Lair:6)
  3 torpor snails
  2 ice statues (IceCv)
  8 black mambas
  11 merfolk sirens
  2 gargoyles
  7 water nymphs
  7 spiny frogs
  A kobold demonologist (D:9)
  3 yaktaurs
  9 komodo dragons
  2 rime drakes (Lair:6)
  8 demonic crawlers
  19 jumping spiders
  A queen bee (D:9)
  11 trolls
  24 merfolk
  2 hornets
  16 blink frogs
  8 wind drakes
  4 dream sheep (Shoals:4)
  22 snapping turtles
  7 hippogriffs
  Sigmund (D:4)
  A shadow (D:9)
  5 water elementals
  36 redbacks
  17 tarantellas
  6 wraiths
  A spectral komodo dragon (Lair:6)
  8 wyverns
  2 humans (D:11)
  Edmund (D:4)
  37 yaks
  6 basilisks
  4 steam dragons
  A death yak simulacrum (Lair:6)
  7 wargs
  4 vampire mosquitoes (D:13)
  6 swamp worms (D:10)
  5 hell hounds
  2 soldier ants
  6 water moccasins
  11 porcupines
  4 sky beasts
  16 ice beasts
  An eye of draining (D:11)
  44 orc warriors
  A swamp drake (D:11)
  An ice beast (shapeshifter) (Vaults:2)
  2 black bears
  17 ogres
  7 phantoms
  8 wolves
  8 boggarts
  10 centaurs
  9 crocodiles
  3 big kobolds
  21 bullfrogs
  A spiny frog simulacrum (Lair:6)
  6 scorpions
  28 killer bees
  A dream sheep simulacrum (Lair:6)
  5 howler monkeys
  5 wights (D:13)
  5 electric eels
  3 crimson imps
  4 lava snakes (Lair:6)
  2 jellies
  A quasit (D:11)
  16 orc priests
  A bullfrog skeleton (D:11)
  A bullfrog zombie (D:5)
  9 hounds
  24 orc wizards
  3 centaur skeletons
  Ijyb (D:5)
  Natasha (thrice) (D:3)
  5 iguanas
  12 worker ants
  2 hound zombies
  2 worker ant zombies
  4 gnolls (D:6)
  A howler monkey skeleton (D:6)
  12 adders
  4 shadow imps
  An ooze (D:3)
  4 worms
  2 leopard geckos
  75 orcs
  2 bats (D:1)
  3 giant cockroaches
  6 goblins
  3 hobgoblins
  7 jackals
  5 quokkas
  3 ball pythons
  5 frilled lizards
  A giant cockroach zombie (D:6)
  8 kobolds
  A leopard gecko skeleton (D:5)
  5 rats
  A bush (Shoals:1)
  2 fungi (Lair:2)
  2 tentacles (Shoals:1)
1026 creatures vanquished.

Vanquished Creatures (others)
  A two-headed ogre (D:12)
  A deep elf archer (Elf:1)
  A hippogriff (Shoals:3)
  A tarantella (Spider:1)
  6 fungi
  7 plants
  6 tentacles (Shoals:1)
23 creatures vanquished.

Grand Total: 1049 creatures vanquished

Notes
Turn   | Place    | Note
-------+----------+-------------------------------------------
     0 | D:1      | Madgibble the Minotaur Gladiator began the quest for the
                  | Orb.
     0 | D:1      | Reached XP level 1. HP: 18/18 MP: 0/0
   605 | D:1      | Reached skill level 4 in Long Blades
   608 | D:1      | Reached XP level 2. HP: 24/25 MP: 1/1
  1120 | D:2      | Reached XP level 3. HP: 26/30 MP: 2/2
  1137 | D:2      | Reached skill level 1 in Armour
  1713 | D:3      | Reached skill level 5 in Long Blades
  1713 | D:3      | Reached XP level 4. HP: 29/38 MP: 3/3
  1776 | D:3      | Noticed Natasha
  1784 | D:3      | Killed Natasha
  1930 | D:3      | Noticed Natasha
  1941 | D:3      | Killed Natasha
  1941 | D:3      | Reached skill level 6 in Long Blades
  1941 | D:3      | Reached XP level 5. HP: 35/45 MP: 4/4
  2037 | D:3      | Noticed Natasha
  2042 | D:3      | Killed Natasha
  2195 | D:3      | Found a sacrificial altar of Ru.
  2341 | D:4      | Got a brightly glowing dagger
  2555 | D:4      | Reached skill level 7 in Long Blades
  2631 | D:4      | Noticed Sigmund
  2637 | D:4      | Killed Sigmund
  2637 | D:4      | Reached skill level 8 in Long Blades
  2637 | D:4      | Reached XP level 6. HP: 45/51 MP: 5/5
  2644 | D:4      | Got a shimmering chain mail
  2655 | D:4      | Identified the +7 chain mail of Marbles {Dex+3} (You found
                  | it on level 4 of the Dungeon)
  2674 | D:4      | Noticed Edmund
  2686 | D:4      | Killed Edmund
  2686 | D:4      | Reached skill level 9 in Long Blades
  2686 | D:4      | Reached XP level 7. HP: 47/57 MP: 6/6
  3414 | D:5      | Entered Level 5 of the Dungeon
  3520 | D:5      | Noticed Ijyb
  3538 | D:5      | Killed Ijyb
  3597 | D:5      | Reached skill level 10 in Long Blades
  3641 | D:5      | Reached XP level 8. HP: 58/63 MP: 7/7
  3742 | D:5      | Reached skill level 5 in Dodging
  4095 | D:5      | You fall through a shaft for 2 floors!
  4095 | D:7      | Found Fafucsil's Distillery.
  4109 | D:7      | Reached skill level 11 in Long Blades
  4135 | D:7      | Got a bloodstained leather armour
  4142 | D:7      | Bought a potion of agility for 40 gold pieces
  4142 | D:7      | Bought a potion of heal wounds for 50 gold pieces
  4238 | D:7      | Reached skill level 5 in Armour
  4483 | D:7      | Reached XP level 9. HP: 70/70 MP: 8/8
  4927 | D:6      | Found a staircase to the Ecumenical Temple.
  4942 | D:6      | Reached skill level 12 in Long Blades
  4977 | D:6      | Found Didonog's Assorted Antiques.
  5006 | Temple   | Entered the Ecumenical Temple
  5093 | Temple   | Became a worshipper of Warmaster Okawaru
  5266 | D:6      | Found an ornate altar of the Wu Jian Council.
  5874 | D:8      | Reached * piety under Okawaru
  5874 | D:8      | Reached skill level 5 in Fighting
  6053 | D:8      | Found a transporter.
  6059 | D:8      | Noticed RatmanManrat's ghost (novice MiBe)
  6237 | D:8      | Found a transporter.
  6737 | D:8      | Found a white marble altar of Elyvilon.
  6737 | D:8      | Found a shimmering altar of Xom.
  6737 | D:8      | Found a deep blue altar of Sif Muna.
  6737 | D:8      | Found a stormy altar of Qazlal.
  6958 | D:9      | Noticed a troll
  6991 | D:9      | Noticed a troll
  6996 | D:9      | Reached XP level 10. HP: 77/81 MP: 6/9
  7014 | D:9      | Reached ** piety under Okawaru
  7014 | D:9      | Reached skill level 13 in Long Blades
  7546 | D:9      | Reached *** piety under Okawaru
  7558 | D:9      | Received a gift from Okawaru
  7958 | D:9      | Reached skill level 14 in Long Blades
  8577 | D:9      | Found a runed translucent gate.
  8578 | D:9      | Found a runed translucent gate.
  8579 | D:9      | Found a runed translucent gate.
  8579 | D:9      | Noticed RatmanManrat's ghost (novice MiBe)
  8612 | D:9      | Noticed a fire dragon
  8612 | D:9      | Noticed a gargoyle
  8620 | D:9      | Killed a gargoyle
  8620 | D:9      | Reached **** piety under Okawaru
  8696 | D:9      | Killed an unseen horror
  8696 | D:9      | Received a gift from Okawaru
  8696 | D:9      | Reached XP level 11. HP: 23/90 MP: 10/10
  9195 | D:9      | Noticed a soul eater
  9450 | D:10     | Entered Level 10 of the Dungeon
  9481 | D:10     | Found a staircase to the Lair.
  9966 | D:10     | Noticed a two-headed ogre
  9977 | D:10     | Killed a two-headed ogre
  9985 | D:10     | Reached ***** piety under Okawaru
  9985 | D:10     | Received a gift from Okawaru
 10039 | D:10     | Reached skill level 5 in Throwing
 11030 | D:10     | Killed an unseen horror
 11030 | D:10     | Reached skill level 15 in Long Blades
 11242 | D:11     | Noticed a brown ugly thing
 11256 | D:11     | Killed a brown ugly thing
 11392 | D:11     | Noticed a two-headed ogre
 11407 | D:11     | Killed a two-headed ogre
 11407 | D:11     | Reached ****** piety under Okawaru
 11407 | D:11     | Received a gift from Okawaru
 11790 | D:11     | Noticed a cyan ugly thing
 11791 | D:11     | Noticed a red ugly thing
 11850 | D:11     | Killed a cyan ugly thing
 11882 | D:11     | Killed a cyan ugly thing
 12162 | D:11     | Found an iron altar of Okawaru.
 12188 | D:11     | Reached XP level 12. HP: 101/101 MP: 11/11
 12397 | D:11     | Found a staircase to the Orcish Mines.
 12739 | D:12     | Noticed a two-headed ogre
 12745 | D:12     | Banished a two-headed ogre
 12753 | D:12     | Got a bloodstained falchion
 12765 | D:12     | Identified the +6 falchion "Monk" {elec, rElec MR+ Dex+4}
                  | (You found it on level 12 of the Dungeon)
 12771 | D:12     | Noticed an ogre mage
 12771 | D:12     | Noticed a two-headed ogre
 12773 | D:12     | Reached skill level 10 in Armour
 12778 | D:12     | Received a gift from Okawaru
 12780 | D:12     | Killed a two-headed ogre
 12781 | D:12     | Killed an ogre mage
 12781 | D:12     | Received a gift from Okawaru
 12872 | D:12     | Gained mutation: You passively map a small area around you.
                  | [mutagenic glow]
 12998 | D:12     | Gained mutation: Your magical capacity is low. (-10% MP)
                  | [mutagenic glow]
 13085 | D:12     | Got a fine halberd {god gift}
 13089 | D:12     | Identified the +9 halberd of Okawaru's Condemnation {speed,
                  | +Fly rPois} (Okawaru gifted it to you on level 12 of the
                  | Dungeon)
 13090 | D:12     | Identified the +7 dagger of Ufugulan {drain, -Tele MR++
                  | Dex+7} (You found it on level 4 of the Dungeon)
 13140 | D:12     | Noticed Frances
 13706 | Lair:1   | Entered Level 1 of the Lair of Beasts
 13737 | Lair:1   | Reached skill level 10 in Dodging
 13797 | Lair:1   | Found a large runed translucent door.
 13797 | Lair:1   | Found a large runed translucent door.
 13802 | Lair:1   | Noticed Curus's ghost (journeyman MiMo)
 13946 | Lair:1   | Reached skill level 16 in Long Blades
 14551 | Lair:1   | Received a gift from Okawaru
 15000 | Lair:2   | Received a gift from Okawaru
 15061 | Lair:2   | Identified the +2 leather armour of Gephuasi {rElec Str-2
                  | Dex-4 Slay+5} (You found it on level 7 of the Dungeon)
 15158 | Lair:2   | Reached skill level 1 in Invocations
 15391 | Lair:2   | Found a hole to the Spider Nest.
 15769 | Lair:2   | Found a staircase to the Shoals.
 15999 | Lair:3   | Reached XP level 13. HP: 111/111 MP: 10/12
 16480 | Lair:3   | Noticed Rupert
 16673 | Orc:1    | Entered Level 1 of the Orcish Mines
 17020 | Orc:1    | Noticed Josephine
 17049 | Orc:1    | Killed Josephine
 17091 | Orc:1    | Noticed an orc warlord
 17261 | Orc:1    | Killed an orc warlord
 17261 | Orc:1    | Received a gift from Okawaru
 17261 | Orc:1    | Received a gift from Okawaru
 17885 | Orc:2    | Entered Level 2 of the Orcish Mines
 18013 | Orc:2    | Found Hariykk's Antique Armour Emporium.
 18044 | Orc:2    | Bought a pair of shimmering gloves for 285 gold pieces
 18049 | Orc:2    | Identified the cursed +0 pair of gloves of Happy Babbling
                  | {+Blink rPois MR+ Dex+3} (You bought it in a shop on level
                  | 2 of the Orcish Mines)
 18077 | Orc:2    | Found Iclamat's General Store.
 18096 | Orc:2    | Reached skill level 5 in Invocations
 18158 | Orc:2    | Noticed an orc warlord
 18482 | Orc:2    | Killed an orc warlord
 18482 | Orc:2    | Reached skill level 1 in Evocations
 18557 | Orc:2    | Noticed an orc warlord
 18947 | Orc:2    | Found a roughly hewn altar of Beogh.
 18987 | Orc:2    | Found Mouqifig's Jewellery Shoppe.
 19039 | Orc:2    | Killed an orc warlord
 19518 | Orc:2    | Found Xamen's Antique Weapon Shop.
 19600 | Orc:2    | Found a staircase to the Elven Halls.
 20036 | D:12     | Reached XP level 14. HP: 119/119 MP: 13/15
 20102 | D:12     | Received a gift from Okawaru
 20120 | D:12     | Got a dazzling buckler {god gift}
 20137 | D:12     | Identified the +1 buckler of Holuj {Regen+ Str+3 Dex+3
                  | Slay-3} (Okawaru gifted it to you on level 12 of the
                  | Dungeon)
 20195 | D:12     | Noticed Fannar
 20218 | D:12     | Killed Fannar
 20394 | D:12     | Killed Frances
 20461 | D:13     | Found a gate to the Vaults.
 20492 | D:13     | Reached skill level 17 in Long Blades
 20527 | D:13     | Reached skill level 10 in Throwing
 20681 | D:13     | Found a frozen archway.
 20686 | IceCv    | Entered an ice cave
 20705 | IceCv    | Found a transporter.
 20795 | IceCv    | Found a transporter.
 21179 | D:13     | Noticed a stone giant
 21180 | D:13     | Noticed a vampire knight
 21196 | D:13     | Got a translucent falchion
 21377 | D:13     | Received a gift from Okawaru
 21528 | D:13     | Reached skill level 10 in Fighting
 21554 | D:13     | Found an ancient bone altar of Kikubaaqudgha.
 21936 | Lair:2   | Identified the +7 falchion "Hellblazer" {vamp, +Rage rPois
                  | MR+ Str-2} (You found it on level 13 of the Dungeon)
 22048 | Lair:4   | Received a gift from Okawaru
 22696 | Lair:5   | Found a viscous altar of Jiyva.
 22696 | Lair:5   | Found a staircase to the Slime Pits.
 22717 | Lair:5   | Received a gift from Okawaru
 23577 | Lair:6   | Entered Level 6 of the Lair of Beasts
 23589 | Lair:6   | Received a gift from Okawaru
 23590 | Lair:6   | Reached XP level 15. HP: 86/128 MP: 18/18
 24032 | Lair:6   | Found a runed translucent gate.
 24032 | Lair:6   | Found a runed translucent gate.
 24032 | Lair:6   | Found a runed translucent gate.
 24063 | Lair:6   | Received a gift from Okawaru
 24071 | Lair:6   | Noticed Killmatronix's ghost (journeyman TrCK)
 24689 | Lair:6   | Received a gift from Okawaru
 24957 | Lair:6   | Received a gift from Okawaru
 25219 | Lair:6   | Found a large runed translucent door.
 25219 | Lair:6   | Found a large runed translucent door.
 25692 | Lair:6   | Killed Killmatronix's ghost
 25692 | Lair:6   | Received a gift from Okawaru
 25810 | Lair:3   | Noticed Gastronok
 25940 | Spider:1 | Entered Level 1 of the Spider Nest
 25940 | Spider:1 | Noticed Louise
 25958 | Spider:1 | Killed Louise
 25958 | Spider:1 | Reached skill level 5 in Evocations
 26022 | Spider:1 | Received a gift from Okawaru
 26117 | Spider:1 | Received a gift from Okawaru
 26606 | Spider:2 | Noticed Arachne
 26625 | Spider:2 | Killed Arachne
 26625 | Spider:2 | Received a gift from Okawaru
 27013 | Spider:2 | Received a gift from Okawaru
 27873 | Elf:1    | Entered Level 1 of the Elven Halls
 27958 | Elf:1    | Found the +6 shillelagh "Devastator" {shatter}
 28126 | Elf:1    | Received a gift from Okawaru
 28282 | Elf:1    | Reached XP level 16. HP: 120/138 MP: 11/19
 28284 | Elf:1    | Noticed a sphinx
 28292 | Elf:1    | Killed a sphinx
 28298 | Elf:1    | Received a gift from Okawaru
 28319 | Elf:1    | Received a gift from Okawaru
 28400 | Elf:1    | Found Wimar's Food Boutique.
 28499 | Elf:1    | Reached skill level 18 in Long Blades
 28510 | Elf:1    | Received a gift from Okawaru
 28821 | Elf:1    | Received a gift from Okawaru
 29757 | Spider:2 | Got a bloodstained broad axe
 29758 | Spider:2 | Identified the +1 broad axe "Aduleq" {freeze, +Inv rElec
                  | rN+} (You found it on level 2 of the Spider Nest)
 29836 | Spider:2 | Received a gift from Okawaru
 30174 | Spider:3 | Received a gift from Okawaru
 30201 | Spider:3 | Got a brightly glowing triple sword {god gift}
 30202 | Spider:3 | Identified the +3 triple sword "Naaloxzo" {flame, MR+}
                  | (Okawaru gifted it to you on level 3 of the Spider Nest)
 30256 | Spider:3 | Identified the Compendium of Shifting Malediction
 30934 | Shoals:1 | Entered Level 1 of the Shoals
 30988 | Shoals:1 | Reached skill level 10 in Invocations
 31093 | Shoals:1 | Received a gift from Okawaru
 31255 | Shoals:1 | Received a gift from Okawaru
 31256 | Shoals:1 | Got a distressingly furry plate armour {god gift}
 31309 | Shoals:1 | Identified the +2 plate armour "Facudaf" {Str+4} (Okawaru
                  | gifted it to you on level 1 of the Shoals)
 31893 | Shoals:1 | Reached skill level 15 in Dodging
 31902 | Shoals:1 | Reached XP level 17. HP: 121/146 MP: 21/21
 32275 | Shoals:1 | Noticed a kraken
 32290 | Shoals:1 | Killed a kraken
 33748 | Shoals:2 | Noticed Ilsuiw
 33778 | Shoals:2 | Killed Ilsuiw
 33907 | Shoals:2 | Got a brightly glowing copper amulet
 33908 | Shoals:2 | Identified the amulet "Yssunt" {RegenMP *Contam MR++} (You
                  | found it on level 2 of the Shoals)
 34001 | Shoals:3 | Found Josecozi's Jewellery Shop.
 34005 | Shoals:3 | Received a gift from Okawaru
 34150 | Shoals:3 | Bought a +4 ring of slaying for 1326 gold pieces
 34460 | Shoals:3 | Received a gift from Okawaru
 35254 | Shoals:4 | Entered Level 4 of the Shoals
 35495 | Shoals:4 | Reached skill level 19 in Long Blades
 35546 | Shoals:4 | Received a gift from Okawaru
 35573 | Shoals:4 | Received a gift from Okawaru
 35592 | Shoals:4 | Got a barnacled rune of Zot
 35798 | Shoals:4 | Received a gift from Okawaru
 36518 | Shoals:4 | Identified the cursed +1 scale mail of Vlad {Int+6} (You
                  | found it on level 4 of the Shoals)
 36612 | Shoals:4 | Found a runed translucent door.
 36612 | Shoals:4 | Noticed spiff's ghost (adept HaSk)
 36656 | Shoals:4 | Killed spiff's ghost
 37181 | Lair:3   | Noticed Snorg
 37188 | Lair:3   | Killed Snorg
 37212 | Lair:3   | Killed Gastronok
 37338 | Lair:3   | Reached XP level 18. HP: 157/157 MP: 22/22
 37645 | Lair:3   | Killed Rupert
 37795 | Lair:1   | Killed Curus's ghost
 38024 | Vaults:1 | Entered Level 1 of the Vaults
 38294 | Vaults:1 | You fall through a shaft!
 38312 | Vaults:2 | Received a gift from Okawaru
 38747 | Vaults:2 | Slain by a stone giant

Skill      XL: |  1  2  3  4  5  6  7  8  9 10 11 12 13 14 15 16 17 18 |
---------------+-------------------------------------------------------+-----
Long Blades    | 4 5 6 8 9 10 11 12 14 15 16 17 18 19 | 19.4
Armour         | 1 3 5 6 8 9 10 11 12 13 14 | 14.7
Fighting       | 3 5 6 8 9 10 11 12 13 | 13.2
Dodging        | 4 5 7 8 9 10 11 12 13 15 16 | 16.1
Throwing       | 4 6 8 9 10 11 12 | 12.5
Invocations    | 2 6 8 9 10 11 | 11.0
Evocations     | 2 4 5 7 8 |  8.2

Action                   |  1- 3 |  4- 6 |  7- 9 | 10-12 | 13-15 | 16-18 || total
-------------------------+-------+-------+-------+-------+-------+-------++-------
Melee: Long sword        |    67 |    79 |   352 |   153 |       |       ||   651
       Headbutt          |    10 |    17 |   110 |   186 |   403 |   467 ||  1193
       Scimitar          |       |       |       |   233 |       |       ||   233
       Punch             |       |       |       |     3 |    16 |    15 ||    34
       Great sword       |       |       |       |    63 |    26 |    27 ||   116
       Falchion          |       |       |       |   123 |  1018 |   931 ||  2072
       Triple sword      |       |       |       |       |       |   102 ||   102
 Fire: Blowgun           |       |       |       |       |       |     2 ||     2
Throw: Javelin           |       |       |     6 |   211 |   273 |   132 ||   622
       Throwing net      |       |       |       |       |       |     1 ||     1
Invok: Heroism           |       |       |     1 |    17 |    27 |    29 ||    74
       Finesse           |       |       |       |     1 |    19 |    18 ||    38
Evoke: Wand              |       |       |       |       |     5 |     2 ||     7
       Sack of spiders   |       |       |       |       |       |     4 ||     4
       Box of beasts     |       |       |       |       |       |     1 ||     1
  Use: Scroll            |     7 |     1 |       |     5 |    16 |    10 ||    39
       Potion            |       |       |       |     8 |     4 |     7 ||    19
  Eat: Chunk             |     2 |     4 |     8 |    11 |    19 |    28 ||    72
       Ration            |       |       |     2 |     5 |     7 |     2 ||    16
Armor: Leather armour    |    13 |     7 |       |       |       |       ||    20
       Chain mail        |       |     3 |   169 |   321 |   350 |   296 ||  1139
Dodge: Dodged            |    40 |    47 |   170 |   318 |   756 |   994 ||  2325
       Deflected         |       |       |       |       |    24 |    80 ||   104
       Rpst.: Long sword |    13 |     6 |    54 |    39 |       |       ||   112
       Scimitar          |       |       |       |    15 |       |       ||    15
       Great sword       |       |       |       |    13 |       |     1 ||    14
       Falchion          |       |       |       |    15 |   155 |   148 ||   318
       Triple sword      |       |       |       |       |       |    41 ||    41
